Workbook

Sheet Base de donnée
A1: Nom | B1: Prénom | C1: Date de Naissance | D1: Adresse Postal | E1: N° Téléphone | F1: Adresse mail | G1: N° Sécurité social | H1: Regime Social | I1: Mutuelle | J1: Pathologie principale | K1: Double Pathologie | L1: Code tarif | M1: Tarif de responsabilité | N1: Saison 2013 | O1: Date fin de cure 2013 | P1: Saison 2014 | Q1: Date fin de cure 2014 | R1: Saison 2015 | S1: Date fin cure 2015 | T1: Date de relance
A2: Monplanet | B2: Etienne | C2: 30403 | D2: 44 bis rue barrau 31400 Toulouse | H2: CPAM | J2: Rhumathologie | K2: Oui | L2: 5 | M2: Oui | N2: 41519 | O2: =+N2+20 -> 41539 | P2: 41883 | Q2: =+P2+20 -> 41903 | R2: 42254 | S2: =+R2+20 -> 42274
A3: Guillemin | B3: Marie | H3: MSA | J3: Phebologie | K3: Non | L3: 1 | M3: Oui | N3: 41519 | O3: =+N3+20 -> 41539 | P3: 41890 | Q3: =+P3+20 -> 41910 | R3: 42254 | S3: =+R3+20 -> 42274
A4: Guillemin | B4: Hubert | H4: RSI | J4: Phebologie | K4: Oui | L4: 1 | M4: Non | N4: 41524 | O4: =+N4+20 -> 41544 | P4: 41897 | Q4: =+P4+20 -> 41917 | R4: 42261 | S4: =+R4+20 -> 42281
A5: Guillemin | B5: Victor | H5: CPAM | J5: Phebologie | K5: Non | L5: 1 | M5: Non | N5: 41524 | O5: =+N5+20 -> 41544 | P5: 41897 | Q5: =+P5+20 -> 41917 | R5: 42261 | S5: =+R5+20 -> 42281
A6: Dupont | B6: Marie | H6: CPAM | J6: Rhumathologie | K6: Oui | L6: 5 | M6: Non | N6: 41554 | O6: =+N6+20 -> 41574 | P6: 41918 | Q6: =+P6+20 -> 41938 | R6: 42268 | S6: =+R6+20 -> 42288
A7: Durand | B7: Jean Yves | H7: MSA | J7: Rhumathologie | K7: Oui | L7: 5 | M7: Non | N7: 41554 | O7: =+N7+20 -> 41574 | P7: 41918 | Q7: =+P7+20 -> 41938 | R7: 42268 | S7: =+R7+20 -> 42288
A8: Chezot | B8: Yvettes | H8: RSI | J8: Rhumathologie | K8: Oui | L8: 5 | M8: Non | N8: 41561 | O8: =+N8+20 -> 41581 | P8: 41925 | Q8: =+P8+20 -> 41945 | R8: 42275 | S8: =+R8+20 -> 42295
A9: Launay | B9: Sonia | H9: CPAM | J9: Rhumathologie | K9: Oui | L9: 5 | M9: Non | N9: 41561 | O9: =+N9+20 -> 41581 | P9: 41925 | Q9: =+P9+20 -> 41945 | R9: 42275 | S9: =+R9+20 -> 42295
A10: De Chateauvieux | B10: Pascaline | H10: CPAM | J10: Rhumathologie | K10: Non | L10: 5 | M10: Oui | N10: 41568 | O10: =+N10+20 -> 41588 | P10: 41932 | Q10: =+P10+20 -> 41952 | R10: 42282 | S10: =+R10+20 -> 42302
A11: Mula | B11: Mathieu | H11: RSI | J11: Rhumathologie | K11: Non | L11: 5 | M11: Non | N11: 41568 | O11: =+N11+20 -> 41588 | P11: 41932 | Q11: =+P11+20 -> 41952 | R11: 42282 | S11: =+R11+20 -> 42302
A12: de Mula | B12: Sandrine | H12: RSI | J12: Phebologie | K12: Non | L12: 1 | M12: Non | N12: 41568 | O12: =+N12+20 -> 41588 | P12: 41932 | Q12: =+P12+20 -> 41952 | R12: 42282 | S12: =+R12+20 -> 42302

Sheet Base cumule 
A2: Code tarif | B2: (Tous)
A4: Nombre de Nom | B4: Étiquettes de colonnes
A5: Étiquettes de lignes | B5: Phebologie | C5: Rhumathologie | D5: Total général
A6: 41519 | B6: 1 | C6: 1 | D6: 2
A7: Guillemin | B7: 1 | D7: 1
A8: Monplanet | C8: 1 | D8: 1
A9: 41524 | B9: 2 | D9: 2
A10: 41554 | C10: 2 | D10: 2
A11: 41561 | C11: 2 | D11: 2
A12: Total général | B12: 3 | C12: 5 | D12: 8

Sheet Grille Tarifaire 
C1: Grille tarifaire applicable selon l'avenant n°10 à la convention nationale thermale publié au J.O. du 1 Mars 2014
A6: Code tarifs | B6: Pathologie | C6: Type de soin | D6: Tarif Forfaitaire de Responsabilité | E6: Tarif Limite de Facturation
A7: 1 | B7: Phlebologie | C7: 54 soins + 18 séances Kiné | D7: =378.25+211.6 -> 589.85 | E7: =392.28+219.45 -> 611.73
A8: 2 | B8: Phlebologie | C8: 63 soins + 9 séances Kine | D8: =441.29+105.72 -> 547.01 | E8: =457.66+109.64 -> 567.3
A9: 3 | B9: Phlebologie | C9: 72 soins | D9: 472.8 | E9: 490.34
A10: 4 | B10: Phlebologie + Rhumatologie | C10: 72 soins + 36 soins | D10: =472.8+236.39 -> 709.19 | E10: =490.34+245.16 -> 735.5
A11: 5 | B11: Rhumatologie | C11: 54 soins + 18 séances Kiné | D11: =408.34+211.6 -> 619.94 | E11: =423.49+219.45 -> 642.94
A12: 6 | B12: =+B11 -> Rhumatologie | C12: 63 soins + 9 séances Kine | D12: =476.41+105.72 -> 582.13 | E12: =494.08+109.64 -> 603.72
A13: 7 | B13: Rhumatologie | C13: 72 soins | D13: 510.51 | E13: 529.45
A14: 8 | B14: Rhumatologie + Phlebologie | C14: 72 soins + 36 soins | D14: =510.52+255.25 -> 765.77 | E14: =529.45+264.72 -> 794.17

Sheet Tableau de Trésorerie
B2: Janvier | C2: Février | D2: Mars | E2: Avril | F2: Mai | G2: Juin | H2: Juillet | I2: Aout | J2: Septembre | K2: Octobre | L2: Novembre | M2: Décembre
A3: Encaissement
A5: EXPLOITATION | B5: =+B7+B12+B13 -> 0 | C5: =+C7+C12+C13 -> 0 | D5: =+D7+D12+D13 -> 0 | E5: =+E7+E12+E13 -> 0 | F5: =+F7+F12+F13 -> 0 | G5: =+G7+G12+G13 -> 0 | H5: =+H7+H12+H13 -> 0 | I5: =+I7+I12+I13 -> 0 | ... M5: =+M7+M12+M13 -> 0
A7: C.A | B7: =+B10+B9 -> 0 | C7: =+C10+C9 -> 0 | D7: =+D10+D9 -> 0 | E7: =+E10+E9 -> 0 | F7: =+F10+F9 -> 0 | G7: =+G10+G9 -> 0 | H7: =+H10+H9 -> 0 | I7: =+I10+I9 -> 0 | ... M7: =+M10+M9 -> 0
A9: C.A Forfaitaire
A10: C.A Limite de facturation
A12: Autre ( Remboursement assurance et divers
A13: Crédit de TVA
A15: HORS EXPLOITATION | B15: =+B17+B18+B19+B20 -> 0 | C15: =+C17+C18+C19+C20 -> 0 | D15: =+D17+D18+D19+D20 -> 0 | E15: =+E17+E18+E19+E20 -> 0 | F15: =+F17+F18+F19+F20 -> 0 | G15: =+G17+G18+G19+G20 -> 0 | H15: =+H17+H18+H19+H20 -> 0 | I15: =+I17+I18+I19+I20 -> 0 | ... M15: =+M17+M18+M19+M20 -> 0
A17: Apport en capital
A18: Apport compte courant
A19: Emprunt
A20: Produit financier
A21: TOTAL | B21: =+B5+B15 -> 0 | C21: =+C5+C15 -> 0 | D21: =+D5+D15 -> 0 | E21: =+E5+E15 -> 0 | F21: =+F5+F15 -> 0 | G21: =+G5+G15 -> 0 | H21: =+H5+H15 -> 0 | I21: =+I5+I15 -> 0 | ... M21: =+M5+M15 -> 0
A22: Décaissement
A24: EXPLOITATION | B24: =+B26+B48+B56 -> 0 | C24: =+C26+C48+C56 -> 0 | D24: =+D26+D48+D56 -> 0 | E24: =+E26+E48+E56 -> 0 | F24: =+F26+F48+F56 -> 0 | G24: =+G26+G48+G56 -> 0 | H24: =+H26+H48+H56 -> 0 | I24: =+I26+I48+I56 -> 0 | ... M24: =+M26+M48+M56 -> 0
A26: Autres achats et charges externes | B26: =SUM(B28:B46) -> 0 | C26: =SUM(C28:C46) -> 0 | D26: =SUM(D28:D46) -> 0 | E26: =SUM(E28:E46) -> 0 | F26: =SUM(F28:F46) -> 0 | G26: =SUM(G28:G46) -> 0 | H26: =SUM(H28:H46) -> 0 | I26: =SUM(I28:I46) -> 0 | ... M26: =SUM(M28:M46) -> 0
A28: Gaz
A29: Electricité
A30: Eau
A31: Boues
A32: Fournitures Cure
A33: Fourniture et petit équipement
A34: Fourniture non stockée ( LINGE, GOBELET)
A35: Management Holding
A36: Crédit Bail
A37: Loyer
A38: Entretien
A39: Assurance
... A46: Cotisations
A48: Impots et taxes | B48: =+B50+B51+B52+B54 -> 0 | C48: =+C50+C51+C52+C54 -> 0 | D48: =+D50+D51+D52+D54 -> 0 | E48: =+E50+E51+E52+E54 -> 0 | F48: =+F50+F51+F52+F54 -> 0 | G48: =+G50+G51+G52+G54 -> 0 | H48: =+H50+H51+H52+H54 -> 0 | I48: =+I50+I51+I52+I54 -> 0 | ... M48: =+M50+M51+M52+M54 -> 0
A50: FPC ET TA
A51: CET
A52: Taxe fonciere
A53: ORGANIC
A54: TVA
A56: Personnel | B56: =+B58+B59+B60+B61+B62 -> 0 | C56: =+C58+C59+C60+C61+C62 -> 0 | D56: =+D58+D59+D60+D61+D62 -> 0 | E56: =+E58+E59+E60+E61+E62 -> 0 | F56: =+F58+F59+F60+F61+F62 -> 0 | G56: =+G58+G59+G60+G61+G62 -> 0 | H56: =+H58+H59+H60+H61+H62 -> 0 | I56: =+I58+I59+I60+I61+I62 -> 0 | ... M56: =+M58+M59+M60+M61+M62 -> 0
A58: Salaire Net
A59: Interessement
A60: URSSAF
A61: Caisse de retraite
A62: Caisse de prévoyance
A64: Frais financier
A66: Impot sur les societes
A68: HORS EXPLOITATION | B68: =+B70+B71+B72+B73 -> 0 | C68: =+C70+C71+C72+C73 -> 0 | D68: =+D70+D71+D72+D73 -> 0 | E68: =+E70+E71+E72+E73 -> 0 | F68: =+F70+F71+F72+F73 -> 0 | G68: =+G70+G71+G72+G73 -> 0 | H68: =+H70+H71+H72+H73 -> 0 | I68: =+I70+I71+I72+I73 -> 0 | ... M68: =+M70+M71+M72+M73 -> 0
A70: Investissement immobilisation
A71: Remboursement emprunt
A72: Remboursement compte courant
A73: Distribution de dividende
A75: TOTAL | B75: =+B26+B48+B56+B64+B66+B68 -> 0 | C75: =+C26+C48+C56+C64+C66+C68 -> 0 | D75: =+D26+D48+D56+D64+D66+D68 -> 0 | E75: =+E26+E48+E56+E64+E66+E68 -> 0 | F75: =+F26+F48+F56+F64+F66+F68 -> 0 | G75: =+G26+G48+G56+G64+G66+G68 -> 0 | H75: =+H26+H48+H56+H64+H66+H68 -> 0 | I75: =+I26+I48+I56+I64+I66+I68 -> 0 | ... M75: =+M26+M48+M56+M64+M66+M68 -> 0
A77: SOLDE DEBUT DE MOIS | B77: 11152 | C77: =+B79 -> 11152 | D77: =+C79 -> 11152 | E77: =+D79 -> 11152 | F77: =+E79 -> 11152 | G77: =+F79 -> 11152 | H77: =+G79 -> 11152 | I77: =+H79 -> 11152 | J77: =+I79 -> 11152 | ... M77: =+L79 -> 11152
A79: SOLDE FIN DU MOIS | B79: =+B77+B21-B75 -> 11152 | C79: =+C77+C21-C75 -> 11152 | D79: =+D77+D21-D75 -> 11152 | E79: =+E77+E21-E75 -> 11152 | F79: =+F77+F21-F75 -> 11152 | G79: =+G77+G21-G75 -> 11152 | H79: =+H77+H21-H75 -> 11152 | I79: =+I77+I21-I75 -> 11152 | ... M79: =+M77+M21-M75 -> 11152

Sheet Hypothese tableau de trésorerie

Sheet Prévisionnel Budget Réalisation
B2: JANVIER | G2: FEVRIER
A3: Element | B3: Prévisionnel | C3: Prévisionnel Ajuste | D3: Réalité | G3: Prévisionnel | H3: Prévisionnel Ajuste | I3: Réalité

Sheet CICE
D1: Liste des effectifs
A3: Nom | B3: Prénom | C3: Poste Occupé | D3: Durée du contrat | E3: Date d'entrée | F3: Date de sorti | G3: Rémunération mensuelle | H3: Durée Hebdomadaire

Sheet Base date 
A1: 2015
A2: Date | B2: N° jour
A3: =DATE($A$1,1,1) -> 42005 | B3: =WEEKDAY(A3) -> 5 | C3: =WEEKNUM(A3) -> 1
A4: =A3+1 -> 42006 | B4: =WEEKDAY(A4) -> 6 | C4: =WEEKNUM(A4) -> 1
A5: =A4+1 -> 42007 | B5: =WEEKDAY(A5) -> 7 | C5: =WEEKNUM(A5) -> 1
A6: =A5+1 -> 42008 | B6: =WEEKDAY(A6) -> 1 | C6: =WEEKNUM(A6) -> 2
A7: =A6+1 -> 42009 | B7: =WEEKDAY(A7) -> 2 | C7: =WEEKNUM(A7) -> 2
A8: =A7+1 -> 42010 | B8: =WEEKDAY(A8) -> 3 | C8: =WEEKNUM(A8) -> 2
A9: =A8+1 -> 42011 | B9: =WEEKDAY(A9) -> 4 | C9: =WEEKNUM(A9) -> 2
A10: =A9+1 -> 42012 | B10: =WEEKDAY(A10) -> 5 | C10: =WEEKNUM(A10) -> 2
A11: =A10+1 -> 42013 | B11: =WEEKDAY(A11) -> 6 | C11: =WEEKNUM(A11) -> 2
A12: =A11+1 -> 42014 | B12: =WEEKDAY(A12) -> 7 | C12: =WEEKNUM(A12) -> 2
A13: =A12+1 -> 42015 | B13: =WEEKDAY(A13) -> 1 | C13: =WEEKNUM(A13) -> 3
A14: =A13+1 -> 42016 | B14: =WEEKDAY(A14) -> 2 | C14: =WEEKNUM(A14) -> 3
A15: =A14+1 -> 42017 | B15: =WEEKDAY(A15) -> 3 | C15: =WEEKNUM(A15) -> 3
... A367: =A366+1 -> 42369 | B367: =WEEKDAY(A367) -> 5 | C367: =WEEKNUM(A367) -> 53

Sheet Feuil2
A1: Date | B1: selec | C1: Semaine | D1: Cumulé sur 3 s | E1: Nombre de curiste
A2: 42035 | B2: 7 | C2: 5
A3: 42005 | B3: 5 | C3: 1
A4: 42006 | B4: 6 | C4: 1
A5: 42007 | B5: 7 | C5: 1
A6: 42008 | B6: 1 | C6: 2 | E6: 155
A7: 42009 | B7: 2 | C7: 2
A8: 42010 | B8: 3 | C8: 2
A9: 42011 | B9: 4 | C9: 2
A10: 42012 | B10: 5 | C10: 2
A11: 42013 | B11: 6 | C11: 2
A12: 42014 | B12: 7 | C12: 2
A13: 42015 | B13: 1 | C13: 3 | D13: 169 | E13: 14
A14: 42016 | B14: 2 | C14: 3
A15: 42017 | B15: 3 | C15: 3
A16: 42018 | B16: 4 | C16: 3
A17: 42019 | B17: 5 | C17: 3
A18: 42020 | B18: 6 | C18: 3
A19: 42021 | B19: 7 | C19: 3
A20: 42022 | B20: 1 | C20: 4 | D20: 174 | E20: 5
A21: 42023 | B21: 2 | C21: 4
A22: 42024 | B22: 3 | C22: 4
A23: 42025 | B23: 4 | C23: 4
A24: 42026 | B24: 5 | C24: 4
A25: 42027 | B25: 6 | C25: 4
A26: 42028 | B26: 7 | C26: 4
A27: 42029 | B27: 1 | C27: 5 | D27: 29 | E27: 10
A28: 42030 | B28: 2 | C28: 5
A29: 42031 | B29: 3 | C29: 5
A30: 42032 | B30: 4 | C30: 5
A31: 42033 | B31: 5 | C31: 5
A32: 42034 | B32: 6 | C32: 5

Sheet Feuil1
B3: Valeurs
A4: Étiquettes de lignes | B4: Somme de Nombre de curiste | C4: Somme de Cumulé sur 3 s
A5: (vide) | C5: 0
A6: janv | B6: 184 | C6: 372
A7: févr | B7: 22 | C7: 91
A8: mars | B8: 55 | C8: 110
A9: avr | B9: 10 | C9: 85
A10: mai | C10: 0
A11: juin | C11: 0
A12: juil | C12: 0
A13: août | C13: 0
A14: sept | C14: 0
A15: oct | C15: 0
A16: nov | B16: 0 | C16: 0
A17: déc | B17: 0 | C17: 0
A18: Total général | B18: 271 | C18: 658

Sheet Réservation curiste
B1: Tableau de Réservation Curistes
H3: Code tarifs | I3: Pathologie | J3: Type de soin
H4: 1 | I4: Phlebologie | J4: 54 soins + 18 séances Kiné
H5: 2 | I5: Phlebologie | J5: 63 soins + 9 séances Kine
H6: 3 | I6: Phlebologie | J6: 72 soins
H7: 4 | I7: Phlebologie + Rhumatologie | J7: 72 soins + 36 soins
H8: 5 | I8: Rhumatologie | J8: 54 soins + 18 séances Kiné
H9: 6 | I9: =+I8 -> Rhumatologie | J9: 63 soins + 9 séances Kine
C10: 1 | F10: 1 | H10: 7 | I10: Rhumatologie | J10: 72 soins | P10: 1
C11: 1 | E11: 1 | F11: 1 | H11: 8 | I11: Rhumatologie + Phlebologie | J11: 72 soins + 36 soins | P11: 1
E12: 1
G13: Pathologies
B14: Date | C14: selec | D14: Semaine | E14: Cumulé sur 3 s | F14: Nombre de curiste | G14: 1 | H14: 2 | I14: 3 | J14: 4 | K14: 5 | L14: 6 | M14: 7 | N14: 8
E15: Reservation | G15: Rhumatologie | H15: Phébologie | I15: Fibromyalogie
B16: ='Base date '!A3 -> 42005 | C16: ='Base date '!B3 -> 5 | D16: =WEEKNUM(B16) -> 1
B17: ='Base date '!A4 -> 42006 | C17: ='Base date '!B4 -> 6 | D17: =WEEKNUM(B17) -> 1
B18: ='Base date '!A5 -> 42007 | C18: ='Base date '!B5 -> 7 | D18: =WEEKNUM(B18) -> 1 | G18: 11
B19: ='Base date '!A6 -> 42008 | C19: ='Base date '!B6 -> 1 | D19: =WEEKNUM(B19) -> 2 | F19: =SUBTOTAL(9,G19:N19) -> 155 | G19: 3 | H19: 4 | I19: 5 | J19: 8 | K19: 10 | L19: 15 | M19: 36 | N19: 74
B20: ='Base date '!A7 -> 42009 | C20: ='Base date '!B7 -> 2 | D20: =WEEKNUM(B20) -> 2
B21: ='Base date '!A8 -> 42010 | C21: ='Base date '!B8 -> 3 | D21: =WEEKNUM(B21) -> 2
B22: ='Base date '!A9 -> 42011 | C22: ='Base date '!B9 -> 4 | D22: =WEEKNUM(B22) -> 2
B23: ='Base date '!A10 -> 42012 | C23: ='Base date '!B10 -> 5 | D23: =WEEKNUM(B23) -> 2
B24: ='Base date '!A11 -> 42013 | C24: ='Base date '!B11 -> 6 | D24: =WEEKNUM(B24) -> 2
B25: ='Base date '!A12 -> 42014 | C25: ='Base date '!B12 -> 7 | D25: =WEEKNUM(B25) -> 2 | G25: 55
B26: ='Base date '!A13 -> 42015 | C26: ='Base date '!B13 -> 1 | D26: =WEEKNUM(B26) -> 3 | E26: =+F19+F26 -> 169 | F26: =SUBTOTAL(9,G26:N26) -> 14 | G26: 3 | H26: 3 | I26: 5 | J26: 3 | K26: 0 | L26: 0 | M26: 0 | N26: 0
B27: ='Base date '!A14 -> 42016 | C27: ='Base date '!B14 -> 2 | D27: =WEEKNUM(B27) -> 3 | G27: 5 | H27: 8 | I27: 7 | J27: 5 | K27: 5 | L27: 5 | M27: 3 | N27: 7
B28: ='Base date '!A15 -> 42017 | C28: ='Base date '!B15 -> 3 | D28: =WEEKNUM(B28) -> 3
B29: ='Base date '!A16 -> 42018 | C29: ='Base date '!B16 -> 4 | D29: =WEEKNUM(B29) -> 3
B30: ='Base date '!A17 -> 42019 | C30: ='Base date '!B17 -> 5 | D30: =WEEKNUM(B30) -> 3
B31: ='Base date '!A18 -> 42020 | C31: ='Base date '!B18 -> 6 | D31: =WEEKNUM(B31) -> 3
B32: ='Base date '!A19 -> 42021 | C32: ='Base date '!B19 -> 7 | D32: =WEEKNUM(B32) -> 3
B33: ='Base date '!A20 -> 42022 | C33: ='Base date '!B20 -> 1 | D33: =WEEKNUM(B33) -> 4 | E33: =SUM(F19:F33) -> 174 | F33: 5
B34: ='Base date '!A21 -> 42023 | C34: ='Base date '!B21 -> 2 | D34: =WEEKNUM(B34) -> 4 | G34: 5 | H34: =+G34 -> 5 | I34: 5 | J34: 5 | K34: 5 | L34: 5 | M34: 5 | N34: 5
B35: ='Base date '!A22 -> 42024 | C35: ='Base date '!B22 -> 3 | D35: =WEEKNUM(B35) -> 4
B36: ='Base date '!A23 -> 42025 | C36: ='Base date '!B23 -> 4 | D36: =WEEKNUM(B36) -> 4
B37: ='Base date '!A24 -> 42026 | C37: ='Base date '!B24 -> 5 | D37: =WEEKNUM(B37) -> 4
B38: ='Base date '!A25 -> 42027 | C38: ='Base date '!B25 -> 6 | D38: =WEEKNUM(B38) -> 4
B39: ='Base date '!A26 -> 42028 | C39: ='Base date '!B26 -> 7 | D39: =WEEKNUM(B39) -> 4
B40: ='Base date '!A27 -> 42029 | C40: ='Base date '!B27 -> 1 | D40: =WEEKNUM(B40) -> 5 | E40: =SUM(F26:F40) -> 29 | F40: 10
B41: ='Base date '!A28 -> 42030 | C41: ='Base date '!B28 -> 2 | D41: =WEEKNUM(B41) -> 5 | G41: 7 | H41: 7 | I41: 7 | J41: 7 | K41: 7 | L41: 7 | M41: 7 | N41: 7
B42: ='Base date '!A29 -> 42031 | C42: ='Base date '!B29 -> 3 | D42: =WEEKNUM(B42) -> 5
B43: ='Base date '!A30 -> 42032 | C43: ='Base date '!B30 -> 4 | D43: =WEEKNUM(B43) -> 5
B44: ='Base date '!A31 -> 42033 | C44: ='Base date '!B31 -> 5 | D44: =WEEKNUM(B44) -> 5
B45: ='Base date '!A32 -> 42034 | C45: ='Base date '!B32 -> 6 | D45: =WEEKNUM(B45) -> 5
B46: ='Base date '!A33 -> 42035 | C46: ='Base date '!B33 -> 7 | D46: =WEEKNUM(B46) -> 5
B47: ='Base date '!A34 -> 42036 | C47: ='Base date '!B34 -> 1 | D47: =WEEKNUM(B47) -> 6 | E47: =SUM(F33:F47) -> 27 | F47: 12
B48: ='Base date '!A35 -> 42037 | C48: ='Base date '!B35 -> 2 | D48: =WEEKNUM(B48) -> 6 | G48: 8 | H48: 8 | I48: 8 | J48: 8 | K48: 8 | L48: 8 | M48: 8
B49: ='Base date '!A36 -> 42038 | C49: ='Base date '!B36 -> 3 | D49: =WEEKNUM(B49) -> 6
B50: ='Base date '!A37 -> 42039 | C50: ='Base date '!B37 -> 4 | D50: =WEEKNUM(B50) -> 6
B51: ='Base date '!A38 -> 42040 | C51: ='Base date '!B38 -> 5 | D51: =WEEKNUM(B51) -> 6
B52: ='Base date '!A39 -> 42041 | C52: ='Base date '!B39 -> 6 | D52: =WEEKNUM(B52) -> 6
B53: ='Base date '!A40 -> 42042 | C53: ='Base date '!B40 -> 7 | D53: =WEEKNUM(B53) -> 6
B54: ='Base date '!A41 -> 42043 | C54: ='Base date '!B41 -> 1 | D54: =WEEKNUM(B54) -> 7 | E54: =SUM(F40:F54) -> 32 | F54: 10
B55: ='Base date '!A42 -> 42044 | C55: ='Base date '!B42 -> 2 | D55: =WEEKNUM(B55) -> 7
B56: ='Base date '!A43 -> 42045 | C56: ='Base date '!B43 -> 3 | D56: =WEEKNUM(B56) -> 7
B57: ='Base date '!A44 -> 42046 | C57: ='Base date '!B44 -> 4 | D57: =WEEKNUM(B57) -> 7
B58: ='Base date '!A45 -> 42047 | C58: ='Base date '!B45 -> 5 | D58: =WEEKNUM(B58) -> 7
B59: ='Base date '!A46 -> 42048 | C59: ='Base date '!B46 -> 6 | D59: =WEEKNUM(B59) -> 7
B60: ='Base date '!A47 -> 42049 | C60: ='Base date '!B47 -> 7 | D60: =WEEKNUM(B60) -> 7
B61: ='Base date '!A48 -> 42050 | C61: ='Base date '!B48 -> 1 | D61: =WEEKNUM(B61) -> 8 | E61: =SUM(F47:F61) -> 22
B62: ='Base date '!A49 -> 42051 | C62: ='Base date '!B49 -> 2 | D62: =WEEKNUM(B62) -> 8
B63: ='Base date '!A50 -> 42052 | C63: ='Base date '!B50 -> 3 | D63: =WEEKNUM(B63) -> 8
B64: ='Base date '!A51 -> 42053 | C64: ='Base date '!B51 -> 4 | D64: =WEEKNUM(B64) -> 8
B65: ='Base date '!A52 -> 42054 | C65: ='Base date '!B52 -> 5 | D65: =WEEKNUM(B65) -> 8
B66: ='Base date '!A53 -> 42055 | C66: ='Base date '!B53 -> 6 | D66: =WEEKNUM(B66) -> 8
B67: ='Base date '!A54 -> 42056 | C67: ='Base date '!B54 -> 7 | D67: =WEEKNUM(B67) -> 8
B68: ='Base date '!A55 -> 42057 | C68: ='Base date '!B55 -> 1 | D68: =WEEKNUM(B68) -> 9 | E68: =SUM(F54:F68) -> 10
B69: ='Base date '!A56 -> 42058 | C69: ='Base date '!B56 -> 2 | D69: =WEEKNUM(B69) -> 9
B70: ='Base date '!A57 -> 42059 | C70: ='Base date '!B57 -> 3 | D70: =WEEKNUM(B70) -> 9
B71: ='Base date '!A58 -> 42060 | C71: ='Base date '!B58 -> 4 | D71: =WEEKNUM(B71) -> 9
B72: ='Base date '!A59 -> 42061 | C72: ='Base date '!B59 -> 5 | D72: =WEEKNUM(B72) -> 9
B73: ='Base date '!A60 -> 42062 | C73: ='Base date '!B60 -> 6 | D73: =WEEKNUM(B73) -> 9
B74: ='Base date '!A61 -> 42063 | C74: ='Base date '!B61 -> 7 | D74: =WEEKNUM(B74) -> 9
B75: ='Base date '!A62 -> 42064 | C75: ='Base date '!B62 -> 1 | D75: =WEEKNUM(B75) -> 10 | E75: =SUM(F61:F75) -> 0
B76: ='Base date '!A63 -> 42065 | C76: ='Base date '!B63 -> 2 | D76: =WEEKNUM(B76) -> 10
B77: ='Base date '!A64 -> 42066 | C77: ='Base date '!B64 -> 3 | D77: =WEEKNUM(B77) -> 10
B78: ='Base date '!A65 -> 42067 | C78: ='Base date '!B65 -> 4 | D78: =WEEKNUM(B78) -> 10
B79: ='Base date '!A66 -> 42068 | C79: ='Base date '!B66 -> 5 | D79: =WEEKNUM(B79) -> 10
B80: ='Base date '!A67 -> 42069 | C80: ='Base date '!B67 -> 6 | D80: =WEEKNUM(B80) -> 10
B81: ='Base date '!A68 -> 42070 | C81: ='Base date '!B68 -> 7 | D81: =WEEKNUM(B81) -> 10
B82: ='Base date '!A69 -> 42071 | C82: ='Base date '!B69 -> 1 | D82: =WEEKNUM(B82) -> 11 | E82: =SUM(F68:F82) -> 0
B83: ='Base date '!A70 -> 42072 | C83: ='Base date '!B70 -> 2 | D83: =WEEKNUM(B83) -> 11
B84: ='Base date '!A71 -> 42073 | C84: ='Base date '!B71 -> 3 | D84: =WEEKNUM(B84) -> 11
B85: ='Base date '!A72 -> 42074 | C85: ='Base date '!B72 -> 4 | D85: =WEEKNUM(B85) -> 11
B86: ='Base date '!A73 -> 42075 | C86: ='Base date '!B73 -> 5 | D86: =WEEKNUM(B86) -> 11
B87: ='Base date '!A74 -> 42076 | C87: ='Base date '!B74 -> 6 | D87: =WEEKNUM(B87) -> 11
B88: ='Base date '!A75 -> 42077 | C88: ='Base date '!B75 -> 7 | D88: =WEEKNUM(B88) -> 11
B89: ='Base date '!A76 -> 42078 | C89: ='Base date '!B76 -> 1 | D89: =WEEKNUM(B89) -> 12 | E89: =SUM(F75:F89) -> 0
B90: ='Base date '!A77 -> 42079 | C90: ='Base date '!B77 -> 2 | D90: =WEEKNUM(B90) -> 12
B91: ='Base date '!A78 -> 42080 | C91: ='Base date '!B78 -> 3 | D91: =WEEKNUM(B91) -> 12
B92: ='Base date '!A79 -> 42081 | C92: ='Base date '!B79 -> 4 | D92: =WEEKNUM(B92) -> 12
B93: ='Base date '!A80 -> 42082 | C93: ='Base date '!B80 -> 5 | D93: =WEEKNUM(B93) -> 12
B94: ='Base date '!A81 -> 42083 | C94: ='Base date '!B81 -> 6 | D94: =WEEKNUM(B94) -> 12
B95: ='Base date '!A82 -> 42084 | C95: ='Base date '!B82 -> 7 | D95: =WEEKNUM(B95) -> 12
B96: ='Base date '!A83 -> 42085 | C96: ='Base date '!B83 -> 1 | D96: =WEEKNUM(B96) -> 13 | E96: =SUM(F82:F96) -> 55 | F96: 55
B97: ='Base date '!A84 -> 42086 | C97: ='Base date '!B84 -> 2 | D97: =WEEKNUM(B97) -> 13
B98: ='Base date '!A85 -> 42087 | C98: ='Base date '!B85 -> 3 | D98: =WEEKNUM(B98) -> 13
B99: ='Base date '!A86 -> 42088 | C99: ='Base date '!B86 -> 4 | D99: =WEEKNUM(B99) -> 13
B100: ='Base date '!A87 -> 42089 | C100: ='Base date '!B87 -> 5 | D100: =WEEKNUM(B100) -> 13
B101: ='Base date '!A88 -> 42090 | C101: ='Base date '!B88 -> 6 | D101: =WEEKNUM(B101) -> 13
...
